 Dungeon Crawl Stone Soup version 0.26-a0-651-gb41185065b (webtiles) character file.

Game seed: 6833509122297232497

73 kae the Insei (level 4, -2/34 HPs)
             Began as a Demonspawn Gladiator on Oct 14, 2020.
             Killed by divine providence
             ... invoked by an orc priest
              (14 damage)
             ... on level 3 of the Dungeon.
             The game lasted 00:03:17 (3110 turns).

kae the Insei (Demonspawn Gladiator)                Turns: 3110, Time: 00:03:18

Health: -2/34      AC:  8    Str: 15    XL:     4   Next: 8%
Magic:  4/4        EV: 12    Int:  9    God:
Gold:   89         SH:  0    Dex: 15    Spells: 3/3 levels left

rFire    + . .     SeeInvis .     - Unarmed
rCold    . . .     Faith    .   (no shield)
rNeg     + . .     Spirit   .   a - +1 leather armour
rPois    .         Reflect  .   b - +1 helmet
rElec    .         Harm     .   (no cloak)
rCorr    .         Rampage  .   (no gloves)
MR       .....     Rnd*Tele +   (no boots)
Stlth    +.........             (no amulet)
HPRegen  0.11/turn              f - ring of teleportation (curse)
MPRegen  0.09/turn              d - ring of positive energy

@: lethally poisoned (-2 -> -6)
A: thin metallic scales 1, fire resistance 1
a: no special abilities


You were on level 3 of the Dungeon.
You visited 1 branch of the dungeon, and saw 3 of its levels.

You collected 89 gold pieces.

Inventory:

Missiles
 c - 3 throwing nets (quivered)
Armour
 a - a +1 leather armour (worn)
 b - a +1 helmet (worn)
Jewellery
 d - a ring of positive energy (right hand)
 f - a cursed ring of teleportation (left hand)
Scrolls
 e - 2 scrolls of enchant weapon
Potions
 j - a potion of cancellation


   Skills:
 + Level 2.9 Fighting
 - Level 1.7 Throwing
 - Level 2.6 Dodging
 * Level 4.0 Unarmed Combat


You had 3 spell levels left.
You didn't know any spells.
Your spell library was empty.

Dungeon Overview and Level Annotations

Branches:
Dungeon (3/15)

Altars:
Fedhas

Annotations:
D:2 Terence


Innate Abilities, Weirdness & Mutations

You are partially covered in thin metallic scales. (AC +2)
Your flesh is heat resistant. (rF+)


Message History

You hit the scorpion. You punch the scorpion.
The scorpion is heavily wounded.
You hear a shout!
The scorpion stings you.
You are poisoned.
The scorpion poisons you!
A giant cockroach comes into view.
You barely miss the scorpion.
The scorpion is heavily wounded.
You feel sick.
An orc priest comes into view. It is wielding a +0 dagger.
The scorpion stings you but does no damage.
You hit the scorpion but do no damage.
The scorpion is heavily wounded.
The scorpion barely misses you.
Okay, then.
You feel sick.
The orc priest calls down the wrath of Beogh upon you.
Beogh smites you!
You die...

#....^......
#..........
#......... #........
#....... .#.# .....
.#.#
####+#s.#+#+#######
...#
........#.#.#.....##
...#
........@.....###..#
...# .......##.##.##
##.##....
.o.....+...†.#
#...##.#
.......##..###
###..#.#
..os......## ##.#>#
.......#..+ #.#.#
.......##.# ##.#.#
.. #.. ###..#.# .
##. #...##.#


You could see a scorpion, an orc priest, an orc and a giant cockroach.

Vanquished Creatures
  2 adders
  A worm (D:2)
  3 leopard geckos
  2 orcs (D:2)
  3 bats
  5 giant cockroaches
  5 goblins
  6 hobgoblins
  2 jackals
  A quokka (D:3)
  2 frilled lizards
  5 kobolds
  9 rats
46 creatures vanquished.

Notes
Turn   | Place    | Note
-------+----------+-------------------------------------------
     0 | D:1      | kae the Demonspawn Gladiator began the quest for the Orb.
     0 | D:1      | Reached XP level 1. HP: 16/16 MP: 1/1
   235 | D:1      | Reached skill level 3 in Unarmed Combat
   237 | D:1      | Gained mutation: Your flesh is heat resistant. (rF+)
                  | [demonic ancestry]
   237 | D:1      | Reached XP level 2. HP: 21/22 MP: 2/2
  1057 | D:2      | Gained mutation: You are partially covered in thin metallic
                  | scales. (AC +2) [demonic ancestry]
  1057 | D:2      | Reached XP level 3. HP: 20/28 MP: 3/3
  1189 | D:2      | Noticed Terence
  1997 | D:2      | Found a faded altar of an unknown god.
  2629 | D:2      | Reached skill level 4 in Unarmed Combat
  2633 | D:2      | Reached XP level 4. HP: 30/34 MP: 4/4
  2962 | D:2      | Found a blossoming altar of Fedhas.
  3110 | D:3      | Killed from afar by an orc priest

Illustrated notes

Levels and vault maps discovered:
D:1:      nzn_arrival_depleted_hourglass, layout_basic
D:2:      layout_basic, lemuel_coloured_pillars_altar,
          chequers_ecumenical_altar_simple_redux, uniq_terence
D:3:      cheibrodos_greedy_goblins, layout_basic,
          nicolae_overflow_crystal_walls, lemuel_tele_altar

Skill      XL: |  1  2  3 |
---------------+----------+-----
Unarmed Combat | 3 4 |  4.0
Fighting       | |  2.9
Throwing       | |  1.7
Dodging        | |  2.6

Action                   |  1- 3 |  4- 6 || total
-------------------------+-------+-------++-------
Melee: Unarmed           |   157 |    22 ||   179
       Punch             |     1 |     1 ||     2
  Use: Scroll            |     4 |     3 ||     7
 Stab: Sleeping          |     1 |       ||     1
Armor: Leather armour    |    50 |    10 ||    60
Dodge: Dodged            |   107 |    12 ||   119

Table legend: (Time is in decaauts)
 A = Elapsed time spent in this place.
 B = Non-inter-level travel time spent in this place.
 C = Inter-level travel time spent in this place.
 D = Time resting spent in this place.
 E = Time spent auto-exploring this place.
 F = Levels seen in this place.
 G = Mean time per level.
                   A        B        C        D        E       F      G
               +--------+--------+--------+--------+--------+-----+--------+
         Total |   3099 |   2968 |    131 |    692 |   1829 |   3 | 1033.0 |
       Dungeon |   3099 |   2968 |    131 |    692 |   1829 |   3 | 1033.0 |
               +--------+--------+--------+--------+--------+-----+--------+

Top non-repeatable levels by time:
     D:2: 1627 daAuts
     D:1: 1361 daAuts
     D:3: 111 daAuts
